 Dungeon Crawl Stone Soup version 0.29-a0-1016-g236c7fd91e (webtiles) character file.

Game seed: 7792122570573878435

1840 leavemydog the Thaumaturge (level 8, -1/61 HPs)
             Began as a Deep Elf Conjurer on Aug 9, 2022.
             Was a Follower of Vehumet.
             Killed from afar by Joseph (9 damage)
             ... with a puff of flame
             ... on level 7 of the Dungeon.
             The game lasted 00:11:52 (6378 turns).

leavemydog the Thaumaturge (Deep Elf Conjurer)      Turns: 6378, Time: 00:11:53

Health: -1/61      AC: 24    Str:  2 (4)  XL:     8   Next: 87%
Magic:  9/23       EV:  2    Int: 24 (26) God:    Vehumet [*.....]
Gold:   350        SH:  0    Dex: 13      Spells: 15/26 levels left

rFire   . . .      SeeInvis .   j - +3 dagger (venom)
rCold   . . .      Faith    .   (no shield)
rNeg    . . .      Spirit   .   (body armour currently unavailable)
rPois   +          Reflect  .   (helmet currently unavailable)
rElec   .          Harm     .   (cloak currently unavailable)
rCorr   .          Rampage  .   (gloves currently unavailable)
Will    .....      NoTele   +   (boots currently unavailable)
Stlth   ++........              r - amulet of magic regeneration
HPRegen 0.20/turn               (no ring)
MPRegen 0.58/turn               (no ring)

@: tree-form (expiring), hasted, invisible, very quick
A: stationary, stasis, torment immunity, boosted hp
a: Renounce Religion


You were on level 7 of the Dungeon.
You worshipped Vehumet.
Vehumet was aware of your devotion.
You were a tree.
You visited 1 branch of the dungeon, and saw 7 of its levels.

You collected 350 gold pieces.

Inventory:

Hand Weapons
 j - a +3 dagger of venom (weapon)
Missiles
 x - 3 poisoned darts
 z - 2 boomerangs of dispersal
Armour
 a - a +0 robe (melded)
 d - a +0 helmet (melded)
Jewellery
 r - an amulet of magic regeneration (around neck)
 y - an amulet of the acrobat
Wands
 p - a wand of digging (5)
Scrolls
 b - a scroll of summoning {unknown}
 c - 3 scrolls of teleportation
 h - 3 scrolls of vulnerability
 i - a scroll of silence {unknown}
 m - 3 scrolls of amnesia
 q - a scroll of enchant armour {unknown}
 u - a scroll of noise {unknown}
 w - a scroll of magic mapping {unknown}
 A - a scroll of identify
Potions
 k - a potion of degeneration
 o - a potion of cancellation {unknown}
 s - a potion of berserk rage {unknown}
 t - a potion of magic


   Skills:
 - Level 2.4 Dodging
 - Level 2.4 Stealth
 - Level 0.1 Unarmed Combat
 + Level 9.8 Spellcasting
 + Level 9.2 Conjurations
 * Level 2.3 Hexes
 * Level 5.0 Translocations


You had 15 spell levels left.
You knew the following spells:

 Your Spells              Type           Power      Damage    Failure   Level
a - Magic Dart            Conj           100%       1d8       1%          1
b - Searing Ray           Conj           100%       2d8       1%          2
c - Iskenderun's Mystic   Conj/Tloc      46%        2d10      2%          4
d - Fulminant Prism       Conj/Hex       19%        3d11      4%          4

Your spell library contained the following spells:

 Spells                   Type           Power      Damage    Failure   Level
 Foxfire                  Conj/Fire      100%       2x1d9     1%          1
 Dazzling Flash           Conj/Hex       78%        N/A       1%          3
 Portal Projectile        Hex/Tloc       58%        N/A       3%          3
 Ensorcelled Hibernation  Hex/Ice        34%        N/A       4%          2
 Inner Flame              Hex/Fire       17%        N/A       10%         3
 Call Canine Familiar     Summ           11%        N/A       16%         3
 Spider Form              Tmut/Pois      11%        N/A       16%         3
 Cause Fear               Hex            11%        N/A       21%         4
 Anguish                  Hex/Necr       8%         N/A       32%         4
 Leda's Liquefaction      Hex/Erth       8%         N/A       32%         4
 Starburst                Conj/Fire      16%        6d6       77%         6
 Discord                  Hex            11%        N/A       100%        8


Dungeon Overview and Level Annotations

Branches:
Dungeon (7/15)
 Temple: D:4-7

Altars:
Vehumet
Yredelemnul

Shops:
D:5 *

Annotations:
D:6 2 runed translucent doors, Maggie; vurker's ghost, novice MiEn
D:7 Joseph


Message History

Joseph shoots a sling bullet.
The sling bullet hits you but does no damage.
Casting: Magic Dart (safe; 1% risk of failure)
Confirm with . or Enter, or press ? or * to list all spells.
Aiming: Searing Ray (safe; 1% risk of failure)
Press: ? - help, Shift-Dir - straight line, f - orc, p - orc
Aim: an orc, wielding a +0 club (unable to see you, 83% to hit)
The searing ray hits the orc!
You kill the orc!
Vehumet accepts your kill.
The searing ray hits the orc!
You kill the orc!
Vehumet accepts your kill. (Press . to maintain the ray.)
The sentinel's mark upon you fades away.
Joseph zaps a wand.
The puff of flame hits you!
Casting: Searing Ray (safe; 1% risk of failure)
Confirm with . or Enter, or press ? or * to list all spells.
Aiming: Magic Dart (safe; 1% risk of failure)
Press: ? - help, Shift-Dir - straight line, f - Joseph
Aim: Joseph, wielding a +0 sling, wearing a +0 ring mail and carrying a wand of flame (10) (moderately wounded, unable to see you, 100% to hit)
The magic dart hits Joseph but does no damage.
Joseph is moderately wounded.
Joseph shoots a sling bullet.
The sling bullet hits you!
* * * LOW HITPOINT WARNING * * *
Casting: Magic Dart (safe; 1% risk of failure)
Confirm with . or Enter, or press ? or * to list all spells.
Aiming: Magic Dart (safe; 1% risk of failure)
Press: ? - help, Shift-Dir - straight line, f/p - Joseph
Aim: Joseph, wielding a +0 sling, wearing a +0 ring mail and carrying a wand of flame (10) (moderately wounded, unable to see you, 100% to hit)
The magic dart hits Joseph!
Joseph is heavily wounded.
Joseph zaps a wand.
The puff of flame hits you!
* * * LOW HITPOINT WARNING * * *
It was a potion of haste.
You feel yourself speed up.
Joseph shoots a sling bullet.
The sling bullet hits you but does no damage.
It was a potion of flight.
Your roots keep you in place.
Joseph zaps a wand.
The puff of flame hits you!
You die...

....@..<#
........#
........#########
.................
)................
#...............
.#.........[...(.
......)<)♣..?....
.#.#####.........
..†....$...
...##########
..### .


You could see Joseph (unable to see you).

Vanquished Creatures
  Pikel (D:4)
  A shadow (D:5)
  An ice beast (D:5)
  A black bear (D:5)
  A centaur (D:5)
  A lemure (D:5)
  A necrophage (D:5)
  2 bullfrogs (D:6)
  A scorpion (D:5)
  4 killer bees (D:7)
  A howler monkey (D:5)
  A jelly (D:6)
  An orc priest (D:6)
  3 hounds
  3 iguanas
  2 orc wizards
  Robin (D:3)
  4 gnolls (D:5)
  4 adders
  A shadow imp (D:5)
  3 ufetubi (D:5)
  2 dart slugs
  15 orcs
  11 ball pythons
  8 endoplasms
  4 giant cockroaches
  21 goblins
  7 hobgoblins
  7 jackals
  8 kobolds
  2 quokkas (D:1)
  5 bats
  3 frilled lizards (D:1)
  2 rats (D:1)
133 creatures vanquished.

Vanquished Creatures (others)
  5 fulminant prisms (D:7)
5 creatures vanquished.

Grand Total: 138 creatures vanquished

Notes
Turn   | Place    | Note
-------+----------+-------------------------------------------
     0 | D:1      | leavemydog the Deep Elf Conjurer began the quest for the
                  | Orb.
     0 | D:1      | Reached XP level 1. HP: 10/10 MP: 6/6
   187 | D:1      | Reached XP level 2. HP: 15/15 MP: 6/8
   203 | D:1      | Reached skill level 5 in Conjurations
   206 | D:1      | Learned a level 2 spell: Searing Ray
   572 | D:1      | Found a faded altar of an unknown god.
   838 | D:2      | Reached XP level 3. HP: 19/19 MP: 7/9
  1744 | D:2      | Reached XP level 4. HP: 24/24 MP: 6/11
  1918 | D:2      | Learned a level 4 spell: Iskenderun's Mystic Blast
  2068 | D:3      | Identified the +3 ring mail "Ocedwuy" {+Inv Fly Will-
                  | Dex+3}
  2273 | D:3      | Found a faded altar of an unknown god.
  2273 | D:3      | Noticed Robin
  2295 | D:3      | Killed Robin
  2451 | D:3      | Found a basalt altar of Yredelemnul.
  2525 | D:3      | Found a radiant altar of Vehumet.
  2566 | D:3      | Became a worshipper of Vehumet
  3089 | D:4      | Reached skill level 1 in Translocations
  3089 | D:4      | Reached XP level 5. HP: 28/28 MP: 5/13
  3787 | D:5      | Entered Level 5 of the Dungeon
  3945 | D:5      | Found Safaosoa's Superlative Supplies.
  4011 | D:5      | Reached skill level 5 in Spellcasting
  4094 | D:5      | Noticed a black bear
  4100 | D:5      | Killed a black bear
  4101 | D:5      | Reached XP level 6. HP: 32/32 MP: 11/16
  4323 | D:5      | Reached * piety under Vehumet
  4323 | D:5      | Offered knowledge of Foxfire by Vehumet.
  4469 | D:5      | Reached XP level 7. HP: 32/36 MP: 13/18
  4580 | D:5      | Noticed a shadow
  4591 | D:5      | Killed a shadow
  5170 | D:5      | Noticed Pikel
  5183 | D:4      | Killed Pikel
  5184 | D:4      | Reached XP level 8. HP: 18/41 MP: 11/22
  5366 | D:4      | Learned a level 4 spell: Fulminant Prism
  5835 | D:6      | Reached skill level 1 in Hexes
  6229 | D:6      | Found a large runed translucent door.
  6230 | D:6      | Found a large runed translucent door.
  6327 | D:6      | Noticed vurker's ghost (novice MiEn)
  6339 | D:6      | Noticed Maggie
  6346 | D:7      | Noticed Joseph
  6368 | D:7      | Reached skill level 5 in Translocations
  6378 | D:7      | Killed from afar by Joseph

Illustrated notes

Levels and vault maps discovered:
D:1:      minmay_arrival_nine_rooms, layout_rooms,
          dreamdust_ecumenical_altar_grove
D:2:      layout_basic
D:3:      layout_basic, mainiacjoe_overflow_six_doors_small,
          nicolae_overflow_ecumenical_swirl, uniq_robin
D:4:      wad_pebble_path, layout_cave_pools
D:5:      minmay_chambers_of_threes, layout_basic, nicolae_alphabet_shops,
          uniq_pikel
D:6:      layout_cave_pools, ebering_ghost_disaster_area, uniq_maggie
D:7:      layout_rooms, minmay_temple_entry_trees, minmay_holes,
          dreamdust_mushroom_princess, uniq_duvessa, uniq_joseph

Skill      XL: |  1  2  3  4  5  6  7  8 |
---------------+-------------------------+-----
Conjurations   | 5 6 7 8 9 |  9.2
Spellcasting   | 4 5 6 8 9 |  9.8
Translocations | 1 2 4 5 |  5.0
Hexes          | 2 |  2.3
Dodging        | |  2.4
Stealth        | |  2.4
Unarmed Combat | |  0.1

Action                   |  1- 3 |  4- 6 |  7- 9 || total
-------------------------+-------+-------+-------++-------
Melee: Unarmed           |     7 |       |       ||     7
       Dagger            |       |     4 |       ||     4
       Punch             |       |     1 |       ||     1
 Cast: Magic Dart        |    75 |    95 |    91 ||   261
       Searing Ray       |       |    11 |     9 ||    20
       Iskenderun's Myst |       |       |     6 ||     6
       Fulminant Prism   |       |       |     5 ||     5
  Use: Scroll            |       |     2 |     4 ||     6
       Potion            |       |     4 |     8 ||    12
Armor: Robe              |     4 |    10 |     6 ||    20
       Skin              |       |     4 |    12 ||    16
Dodge: Dodged            |    10 |    30 |    11 ||    51

Table legend: (Time is in decaauts)
 A = Elapsed time spent in this place.
 B = Non-inter-level travel time spent in this place.
 C = Inter-level travel time spent in this place.
 D = Time resting spent in this place.
 E = Time spent auto-exploring this place.
 F = Levels seen in this place.
 G = Mean time per level.
                   A        B        C        D        E       F      G
               +--------+--------+--------+--------+--------+-----+--------+
         Total |   6382 |   6268 |    114 |   1795 |   3791 |   7 |  911.7 |
       Dungeon |   6382 |   6268 |    114 |   1795 |   3791 |   7 |  911.7 |
               +--------+--------+--------+--------+--------+-----+--------+

Top non-repeatable levels by time:
     D:5: 1822 daAuts
     D:2: 1137 daAuts
     D:3: 1113 daAuts
     D:4: 935 daAuts
     D:1: 789 daAuts
     D:6: 547 daAuts
     D:7: 35 daAuts
